 Dungeon Crawl Stone Soup version 0.28-a0-476-g0f06bd746f (webtiles) character file.

Game seed: 17110651776977014214

203 timneilson the Covered (level 5, -3/33 HPs)
             Began as a Gargoyle Fighter on Sept 17, 2021.
             Killed by divine providence
             ... invoked by an orc priest
              (10 damage)
             ... on level 4 of the Dungeon.
             The game lasted 00:05:33 (3965 turns).

timneilson the Covered (Gargoyle Fighter)           Turns: 3965, Time: 00:05:34

Health: -3/33      AC: 13    Str: 21    XL:     5   Next: 81%
Magic:  6/6        EV:  7    Int:  8    God:
Gold:   114        SH:  4    Dex:  9    Spells: 4/4 levels left

rFire   . . .      SeeInvis .   a - +0 long sword
rCold   . . .      Faith    .   c - +0 buckler
rNeg    + . .      Spirit   .   m - +0 chain mail
rPois   ∞          Reflect  .   (no helmet)
rElec   +          Harm     .   (no cloak)
rCorr   .          Rampage  .   (no gloves)
Will    .....                   (no boots)
Stlth   ..........              (no amulet)
HPRegen 0.11/turn               (no ring)
MPRegen 0.10/turn               (no ring)

@: studying Armour
A: sickness immunity, AC +4, negative energy resistance 1, electricity
resistance, torment resistance 1, petrification resistance
a: no special abilities


You were on level 4 of the Dungeon.
You visited 2 branches of the dungeon, and saw 5 of its levels.

You collected 114 gold pieces.

Inventory:

Hand Weapons
 a - a +0 long sword (weapon)
Armour
 c - a +0 buckler (worn)
 m - a +0 chain mail (worn)
Potions
 b - a potion of degeneration {unknown}
 d - 5 potions of might
 e - 2 potions of brilliance
 f - 3 potions of haste {unknown}
 g - a potion of flight {unknown}
 h - a potion of lignification {unknown}
 i - a potion of berserk rage {unknown}
 j - a potion of mutation {unknown}
 k - a potion of attraction {unknown}


   Skills:
 + Level 3.9 Fighting
 * Level 2.9 Long Blades
 * Level 4.4 Armour
 * Level 4.3 Shields
 + Level 1.4 Invocations
 + Level 1.5 Evocations


You had 4 spell levels left.
You didn't know any spells.
Your spell library was empty.

Dungeon Overview and Level Annotations

Branches:
Dungeon (4/15)             Temple (1/1) D:4

Altars:
Cheibriados
Dithmenos
Fedhas
Gozag
Hepliaklqana
Kikubaaqudgha
Makhleb
Nemelex Xobeh
Qazlal
Ru
Sif Muna
Uskayaw
Wu Jian
Yredelemnul
Zin


Innate Abilities, Weirdness & Mutations

You are immune to sickness and miasma.
Your stone body is resilient. (AC +4)
You are immune to poison.
You resist negative energy. (rN+)
You are resistant to electric shocks. (rElec)
You are resistant to unholy torment.
You are immune to petrification.


Message History

There is a stone staircase leading down here.
An orc priest comes into view. It is wielding a +0 club.
Found a dagger.
The orc priest shouts!
An orc comes into view. It is wielding a +0 short sword.
The orc priest mumbles some strange prayers to Beogh against you.
You are unaffected.
An orc comes into view. It is wielding a +0 club.
The orc priest invokes the aid of Beogh against you.
Beogh smites you!
A phantom comes into view.
The orc moves out of view.
The orc shouts!
The orc priest casts a cantrip, but nothing happens.
You block the orc's attack.
You hit the orc.
The orc is almost dead.
The orc barely misses you.
You hit the orc.
You kill the orc!
You closely miss the orc. You block the phantom's attack.
The orc hits you but does no damage.
The phantom hits you but does no damage.
You slash the orc!
You kill the orc!
The phantom hits you.
The phantom blinks!
You blink.
You slash the phantom!
The phantom is moderately damaged.
The phantom hits you but does no damage.
You hit the phantom but do no damage.
The phantom is moderately damaged.
The phantom hits you but does no damage.
The orc priest invokes the aid of Beogh against you.
Beogh smites you!
* * * LOW HITPOINT WARNING * * *
Your chain mail prevents you from hitting the orc priest.
The phantom hits you but does no damage.
The orc priest mumbles some strange prayers to Beogh against you.
Beogh smites you!
You die...

# .. #. #.# # #.
#.# .##
#.###.####...
#......?.....
).........
#........ #o#..#
#.#@.# .# ###.o.W#
#.# #......####.##
###.#...........
........#####.##
###.#...#####.#
...........##.####
..###.....>......#
.. #.
#......(.....#..#


You could see a phantom and an orc priest.

Vanquished Creatures
  A water moccasin skeleton (D:4)
  7 gnolls
  3 adders
  A white imp (D:3)
  A dart slug (D:1)
  2 orcs (D:4)
  7 bats
  5 endoplasms
  A giant cockroach (D:1)
  6 goblins
  3 hobgoblins
  4 quokkas
  3 ball pythons
  3 frilled lizards
  2 kobolds
  2 rats
51 creatures vanquished.

Notes
Turn   | Place    | Note
-------+----------+-------------------------------------------
     0 | D:1      | timneilson the Gargoyle Fighter began the quest for the
                  | Orb.
     0 | D:1      | Reached XP level 1. HP: 14/14 MP: 1/1
   427 | D:1      | Reached XP level 2. HP: 18/19 MP: 2/2
   864 | D:1      | Reached XP level 3. HP: 23/23 MP: 3/3
  1600 | D:2      | Reached skill level 1 in Evocations
  1639 | D:2      | Found a snail-covered altar of Cheibriados.
  2136 | D:3      | Found a faded altar of an unknown god.
  2353 | D:3      | Reached XP level 4. HP: 22/28 MP: 4/4
  2363 | D:3      | Reached skill level 1 in Invocations
  2775 | D:2      | Reached XP level 5. HP: 33/33 MP: 5/5
  3446 | D:3      | Identified a scroll of acquirement
  3446 | D:3      | Acquired a manual of Armour
  3567 | D:4      | Found a staircase to the Ecumenical Temple.
  3573 | Temple   | Entered the Ecumenical Temple
  3955 | D:4      | Noticed a phantom
  3965 | D:4      | Killed from afar by an orc priest

Illustrated notes

Levels and vault maps discovered:
D:1:      mrwooster_arrival_statue_3, layout_basic
D:2:      layout_basic, basic_altar, st_stairs_9
D:3:      layout_loops_corners, basic_ecumenical_altar, hex_large,
          chequers_serial_rivers_small_3, minmay_misc_feat_rugged, fountainhead,
          grunt_ministairs_15, solitary_fountain
D:4:      layout_loops_ring, grunt_temple_overflow_bloody_war,
          minmay_temple_entry_tees
Temple:   regret_index_temple_generic_petals

Skill      XL: |  1  2  3  4 |
---------------+-------------+-----
Long Blades    | 2 |  2.9
Evocations     | 1 |  1.5
Invocations    | 1 |  1.4
Shields        | 4 |  4.3
Armour         | 4 |  4.4
Fighting       | |  3.9

Action                   |  1- 3 |  4- 6 || total
-------------------------+-------+-------++-------
Melee: Long sword        |   110 |    97 ||   207
  Use: Scroll            |     2 |     2 ||     4
Armor: Scale mail        |    62 |    42 ||   104
       Chain mail        |       |    29 ||    29
Dodge: Dodged            |    56 |    48 ||   104
Block: Buckler           |    27 |    27 ||    54

Table legend: (Time is in decaauts)
 A = Elapsed time spent in this place.
 B = Non-inter-level travel time spent in this place.
 C = Inter-level travel time spent in this place.
 D = Time resting spent in this place.
 E = Time spent auto-exploring this place.
 F = Levels seen in this place.
 G = Mean time per level.
                   A        B        C        D        E       F      G
               +--------+--------+--------+--------+--------+-----+--------+
         Total |   4028 |   3917 |    111 |      0 |   3386 |   5 |  805.6 |
       Dungeon |   3668 |   3578 |     90 |      0 |   3065 |   4 |  917.0 |
        Temple |    359 |    338 |     21 |      0 |    321 |   1 |  359.0 |
               +--------+--------+--------+--------+--------+-----+--------+

Top non-repeatable levels by time:
     D:3: 1475 daAuts
     D:1: 1289 daAuts
     D:2: 796 daAuts
  Temple: 359 daAuts
     D:4: 106 daAuts
